 Dungeon Crawl Stone Soup version 0.31-a0-246-g8cbcc1cb85 (webtiles) character file.

Game seed: 7247613748918533507

212 qw the Shooter (level 5, -1/46 HPs)
             Began as a Minotaur Hexslinger on July 12, 2023.
             Slain by an orc wizard
             ... wielding a +1 vampiric dagger
              (4 damage)
             ... on level 4 of the Dungeon.
             The game lasted 00:01:22 (2441 turns).

qw the Shooter (Minotaur Hexslinger)                Turns: 2441, Time: 00:01:23

Health: -1/46      AC:  5    Str: 13    XL:     5   Next: 58%
Magic:  5/5        EV: 11    Int: 10    God:
Gold:   157        SH:  0    Dex: 14    Spells: 5/6 levels left

rFire   . . .        Y - +1 sling
rCold   . . .        (no shield)
rNeg    . . .        b - +0 ring mail
rPois   .            (helmet restricted)
rElec   .            (no cloak)
rCorr   .            (no gloves)
SInv    .            (no boots)
Will    .....        (no amulet)
Stlth   +            (no ring)
HPRegen 0.27/turn    (no ring)
MPRegen 0.09/turn

%: no passive effects
@: no status effects
A: horns 2, retaliatory headbutt
a: no special abilities


You were on level 4 of the Dungeon.
You visited 1 branch of the dungeon, and saw 4 of its levels.
You also visited: Ossuary.

You collected 157 gold pieces.


Innate Abilities, Weirdness & Mutations

You have a pair of horns on your head.
You reflexively headbutt those who attack you in melee.


   Skills:
 - Level 4.0 Fighting
 + Level 5.2 Ranged Weapons
 - Level 1.0 Armour
 - Level 2.1 Dodging
 - Level 1.0 Spellcasting
 - Level 2.0 Hexes


You had 5 spell levels left.
You knew the following spells:

 Your Spells              Type           Power      Damage    Failure   Level
a - Slow                  Hex            16%        N/A       32%         1

Your spell library contained the following spells:

 Spells                   Type           Power      Damage    Failure   Level
 Inner Flame              Hex/Fire       2%         N/A       82%         3
 Portal Projectile        Hex/Tloc       4%         N/A       82%         3
 Cause Fear               Hex            2%         N/A       97%         4

Inventory:

Hand Weapons
 Y - a +1 sling (weapon)
Armour
 b - a +0 ring mail (worn)
Jewellery
 e - a ring of ice
Scrolls
 h - a scroll of identify
Potions
 a - a potion of curing {unknown}
 d - a potion of degeneration {unknown}
 f - a potion of ambrosia {unknown}
 i - a potion of cancellation {unknown}

Dungeon Overview and Level Annotations

Branches:
Dungeon (4/15)            Ossuary (visited)
 Temple: D:4-7

Altars:
Elyvilon
Makhleb
Trog

Shops:
D:1 (


Message History

You headbutt the scorpion. You shoot a sling bullet.
The sling bullet completely misses the ball python.
The ball python bites you but does no damage.
The ball python constricts you. The scorpion stings you.
Something completely misses you.
The ball python bites you but does no damage.
The ball python constricts you.
You shoot a sling bullet. The sling bullet hits the ball python.
The ball python is severely wounded.
The scorpion stings you. Something hits you.
The ball python closely misses you. You furiously retaliate!
You headbutt the ball python!
You kill the ball python!
The scorpion stings you but does no damage.
You shoot a sling bullet.
The sling bullet barely misses the scorpion.
An adder comes into view.
You hear some strange, mumbled words.
A magic dart appears from out of thin air!
The magic dart hits you!
The scorpion stings you but does no damage.
Something hits you but does no damage.
You shoot a sling bullet.
The sling bullet hits the scorpion but does no damage.
The scorpion is heavily wounded.
The scorpion stings you but does no damage. x2
You hear some strange, mumbled words.
Something tries to affect you, but you resist.
You shoot a sling bullet.
The sling bullet closely misses the scorpion.
The scorpion stings you but does no damage.
Something hits you.
You shoot a sling bullet. The sling bullet hits the scorpion.
The scorpion is severely wounded.
The scorpion stings you but does no damage.
Something hits you. The scorpion stings you.
You shoot a sling bullet.
The sling bullet closely misses the scorpion.
Something hits you.
You die...

.......#....#.#
.......######.# .
........).# ..
..##....## ...
###.## ....
...####.######.....
...................
.##.###.....#.##
#####@#
#..%{sS)....
#...........
#.......>...
##..........
#..........
#..........
#..........


You could see a scorpion and an adder.

Vanquished Creatures
  A scorpion (D:4)
  3 adders (D:2)
  5 dart slugs
  10 orcs
  5 ball pythons
  6 endoplasms
  4 giant cockroaches
  4 goblins
  8 hobgoblins
  5 jackals (D:1)
  3 quokkas (D:1)
  15 bats
  4 frilled lizards
  A goblin zombie (D:4)
  6 hobgoblin zombies (Ossuary)
  7 kobolds
  8 kobold zombies (Ossuary)
  6 orc zombies (Ossuary)
  A quokka zombie (D:4)
  9 rats
111 creatures vanquished.

Notes
Turn   | Place    | Note
-------+----------+-------------------------------------------
     0 | D:1      | qw the Minotaur Hexslinger began the quest for the Orb.
     0 | D:1      | Reached XP level 1. HP: 16/16 MP: 1/1
     0 | D:1      | 0 ||| qw: Version: 0.3-a-52-g30416fa
     0 | D:1      | 0 ||| qw: Game counter: 6419
     0 | D:1      | 0 ||| qw: Melee chars always use a shield: true
     0 | D:1      | 0 ||| qw: God list: Okawaru
     0 | D:1      | 0 ||| qw: Allow faded altars: false
     0 | D:1      | 0 ||| qw: Do Orc after clearing Dungeon:15 true
     0 | D:1      | 0 ||| qw: Do second Lair branch before Depths: true
     0 | D:1      | 0 ||| qw: Lair rune preference: random
     0 | D:1      | 0 ||| qw: Goals: Normal
     0 | D:1      | 0 ||| PLANNING D:1-11
    59 | D:1      | Reached skill level 3 in Ranged Weapons
    67 | D:1      | Reached XP level 2. HP: 22/23 MP: 2/2
   255 | D:1      | Found Issedem's Weapon Shop.
   326 | D:1      | Found a faded altar of an unknown god.
   385 | D:1      | Reached XP level 3. HP: 29/29 MP: 3/3
   609 | D:1      | 609 ||| UPGRADING to +0 leather armour.
   619 | D:1      | 619 ||| DROPPING +0 robe.
   620 | D:1      | 620 ||| READING scroll labelled GEECLIGOGH.
   621 | D:1      | 621 ||| READING 2 scrolls labelled WEAVUPL PITHRIEFA.
   622 | D:1      | 622 ||| READING scroll labelled WOGGUI MAME.
   623 | D:1      | 623 ||| DROPPING scroll of poison.
   624 | D:1      | 624 ||| DROPPING scroll of immolation.
   643 | D:2      | 643 ||| STAIRDANCE
   702 | D:2      | Reached skill level 4 in Ranged Weapons
   814 | D:2      | Found a burning altar of Makhleb.
   829 | D:2      | Reached XP level 4. HP: 18/36 MP: 4/4
  1062 | D:2      | 1062 ||| UPGRADING to +0 ring mail.
  1072 | D:2      | 1072 ||| DROPPING +0 leather armour.
  1073 | D:2      | 1073 ||| DROPPING scarf of harm.
  1074 | D:2      | 1074 ||| READING scroll labelled XEINIY KIVVOI.
  1075 | D:2      | 1075 ||| READING scroll labelled TIHER BAONIEFYE.
  1453 | D:3      | Reached skill level 1 in Armour
  1465 | D:3      | Reached skill level 5 in Ranged Weapons
  1778 | D:3      | Found a bloodstained altar of Trog.
  1900 | D:3      | Found a white marble altar of Elyvilon.
  2100 | D:3      | 2100 ||| READING scroll labelled NIMEOSTRA MIABO.
  2101 | D:3      | 2101 ||| READING scroll labelled DUIGIN XA DECVY.
  2123 | D:4      | 2123 ||| PLANNING OSSUARY
  2132 | D:4      | Noticed a scorpion
  2139 | D:4      | Killed a scorpion
  2140 | D:4      | Reached XP level 5. HP: 25/46 MP: 5/5
  2245 | D:4      | Found a sand-covered staircase.
  2269 | Ossuary  | Entered an ossuary
  2400 | D:4      | 2400 ||| PLANNING D:1-11
  2439 | D:4      | HP: 9/46 [something (5)]
  2440 | D:4      | HP: 2/46 [scorpion (6)]
  2441 | D:4      | Slain by an orc wizard

Levels and vault maps discovered:
D:1:      ncdulo_smallfort, layout_basic, basic_ecumenical_altar, serial_shops,
          nicolae_shop_bloodbath_and_beyond
D:2:      layout_rooms, basic_altar
D:3:      kb_forest_paths, layout_basic, mainiacjoe_overflow_alcove_2,
          mainiacjoe_overflow_chevrons, grunt_decor_clamped
D:4:      layout_basic, kennysheep_mini_moat, temple_green, enter_ossuary_4,
          corexii_checkpoint_a

Skill      XL: |  1  2  3  4 |
---------------+-------------+-----
Ranged Weapons | 3 4 5 |  5.2
Fighting       | 2 4 |  4.0
Armour         | 1 |  1.0
Dodging        | |  2.1
Spellcasting   | |  1.0
Hexes          | |  2.0

Action                     |  1- 3 |  4- 6 || total
---------------------------+-------+-------++-------
   Fire: Sling             |   139 |   221 ||   360
    Use: Scroll            |     3 |     4 ||     7
 Armour: Robe              |     6 |       ||     6
         Leather armour    |     7 |     1 ||     8
         Ring mail         |       |    42 ||    42
  Dodge: Dodged            |    40 |    56 ||    96

Table legend:
 A = Non-vault XP
 B = Vault XP
 C = Vault XP percentage of total XP
 D = Non-vault monster count
 E = Vault monster count
 F = Vault count percentage of total count
                 A         B        C        D         E       F
            +---------+---------+-------+---------+---------+-------
      Total |     269 |      34 |  11.2 |      83 |      28 |  25.2
            +---------+---------+-------+---------+---------+-------
        D:1 |      58 |       0 |   0.0 |      31 |       0 |   0.0
        D:2 |      73 |       0 |   0.0 |      25 |       0 |   0.0
        D:3 |      45 |      12 |  21.1 |      21 |       6 |  22.2
        D:4 |      93 |       2 |   2.1 |       6 |       2 |  25.0
    Ossuary |       0 |      20 | 100.0 |       0 |      20 | 100.0
            +---------+---------+-------+---------+---------+-------
